 Dungeon Crawl Stone Soup version 0.31.0-9-g3a7656b989 (webtiles) character file.

Game seed: 1361429725221752821

1 qw the Shooter (level 1, 0/12 HPs)
             Began as a Deep Elf Hunter on Feb 2, 2024.
             Slain by a jackal (1 damage)
             ... on level 1 of the Dungeon.
             The game lasted 00:00:00 (172 turns).

qw the Shooter (Deep Elf Hunter)                     Turns: 172, Time: 00:00:00

Health: 0/12       AC:  3    Str:  8    XL:     1   Next: 16%
Magic:  3/3        EV: 12    Int: 13    God:
Gold:   8          SH:  0    Dex: 18    Spells: 0/0 levels left

rFire   . . .        a - +0 shortbow
rCold   . . .        (shield currently unavailable)
rNeg    . . .        c - +0 leather armour
rPois   .            (no helmet)
rElec   .            (no cloak)
rCorr   .            (no gloves)
SInv    .            (no boots)
Will    .....        (no amulet)
Stlth   ++           (no ring)
HPRegen 0.22/turn    (no ring)
MPRegen 0.08/turn

%: no passive effects
@: no status effects
A: no striking features
a: no special abilities


You were on level 1 of the Dungeon.
You visited 1 branch of the dungeon, and saw 1 of its levels.

You collected 8 gold pieces.


   Skills:
 - Level 1.5 Fighting
 + Level 5.4 Ranged Weapons
 - Level 2.4 Dodging
 - Level 1.2 Stealth


You couldn't memorise any spells.
You didn't know any spells.
Your spell library was empty.

Inventory:

Hand Weapons
 a - a +0 shortbow (weapon)
Armour
 c - a +0 leather armour (worn)
 d - a +0 cloak
Scrolls
 b - a scroll of butterflies

Dungeon Overview and Level Annotations

Branches:
Dungeon (1/15)

Altars:


Message History

The jackal barks!
The jackal barks! x2
The jackal bites you.
The jackal barks!
You shoot an arrow. The arrow closely misses the jackal.
The jackal bites you but does no damage.
You shoot an arrow. The arrow barely misses the jackal.
The jackal bites you. x2
You shoot an arrow. The arrow barely misses the jackal.
The jackal bites you but does no damage.
The jackal closely misses you. The jackal barely misses you.
You shoot an arrow.
The arrow hits the jackal but does no damage.
The jackal misses you. The jackal completely misses you. The jackal misses you.
The jackal bites you. The jackal closely misses you.
You shoot an arrow. The arrow hits the jackal.
The jackal is heavily wounded.
The jackal misses you.
The jackal bites you but does no damage.
The jackal barely misses you.
You shoot an arrow. The arrow hits the jackal.
The jackal is severely wounded.
The jackal barely misses you. x2
The jackal bites you but does no damage. x2
The jackal barely misses you. x3
You shoot an arrow. The arrow hits the jackal.
You kill the jackal!
The jackal bites you. The jackal misses you. The jackal closely misses you.
You shoot an arrow. The arrow barely misses the jackal.
The jackal barely misses you.
The jackal bites you but does no damage. x3
The jackal closely misses you. x2
You shoot an arrow. The arrow hits the jackal.
The jackal is moderately wounded.
The jackal bites you. The jackal closely misses you.
The jackal barely misses you. The jackal closely misses you.
The jackal misses you. The jackal barely misses you.
You shoot an arrow. The arrow closely misses the jackal.
The jackal bites you.
You die...

.#~## #.# .#.~#
#.# .~~.# #.#
~~~## #.# P~~~#
#.# ## PP~~# #.#
.. P.~##
##########.# .#.##
~.##
#.........h#......
.#.#
##.######.@h.#
.#~#
#.#...^...h..#
.~~#
#............#
P.##
###.###.###..# ###
#.# #. ..# #####
#.# #. ### ....##
#.# #.
.##..#####.#
####....##.#


You could see 3 jackals.

Vanquished Creatures
  A jackal (D:1)
1 creature vanquished.

Notes
Turn   | Place    | Note
-------+----------+-------------------------------------------
     0 | D:1      | qw the Deep Elf Hunter began the quest for the Orb.
     0 | D:1      | Reached XP level 1. HP: 12/12 MP: 3/3
     0 | D:1      | 0 ||| qw: Version: 0.3-a-155-g5e7d8dd
     0 | D:1      | 0 ||| qw: Game counter: 436
     0 | D:1      | 0 ||| qw: Melee chars always use a shield: true
     0 | D:1      | 0 ||| qw: God list: Okawaru
     0 | D:1      | 0 ||| qw: Allow faded altars: false
     0 | D:1      | 0 ||| qw: Do Orc after clearing Dungeon:15 true
     0 | D:1      | 0 ||| qw: Do second Lair branch before Depths: true
     0 | D:1      | 0 ||| qw: Lair rune preference: random
     0 | D:1      | 0 ||| qw: Goals: Normal
     0 | D:1      | 0 ||| PLANNING D:1-11
   169 | D:1      | HP: 3/12 [jackal (3)]
   171 | D:1      | HP: 1/12 [jackal (3)]
   172 | D:1      | Slain by a jackal

Levels and vault maps discovered:
D:1:      lemuel_arrival_muddy, layout_basic, basic_ecumenical_altar

Action                     || total
---------------------------++-------
   Fire: Shortbow          ||    11
 Armour: Leather armour    ||    15
  Dodge: Dodged            ||    23

Table legend:
 A = Non-vault XP
 B = Vault XP
 C = Vault XP percentage of total XP
 D = Non-vault monster count
 E = Vault monster count
 F = Vault count percentage of total count
                 A         B        C        D         E       F
            +---------+---------+-------+---------+---------+-------
      Total |       2 |       0 |   0.0 |       1 |       0 |   0.0
            +---------+---------+-------+---------+---------+-------
        D:1 |       2 |       0 |   0.0 |       1 |       0 |   0.0
            +---------+---------+-------+---------+---------+-------
